AoeStats
← KootH.

Fortress

507204740Analyzed
4v4 RM · 14d ago on Sep 17, 2026· 57m 39s· 8 players
Game mode
Random Map
Map size
Huge
Population
200
Speed
Normal
Resources
Standard
Victory
Conquest
Starting age
Dark Age
Ending age
Imperial Age
RankedLock teamsTeams togetherTeam positionsShared explorationLock speedFull tech treeHidden civsTurbo modeCheats
Victory
Defeat
🇨🇴 Malians · Colombia
1404
+16
🇨🇳 Japanese · China
1345
+18
1321
+19
🇲🇽 Hindustanis · Mexico
1308
+20
🇦🇷 Vietnamese · Argentina
1421
-19
🇦🇷 Inca · Argentina
1416
-19
1413
-19
🇨🇳 Celts · China
1328
-16
Nomore
8:53 Feudal Age
9:57 Horse Collar
12:47 Castle Age
11:01 Double-Bit Axe
14:27 Heavy Plow
14:40 Bow Saw
15:11 Gold Mining
16:43 Wheelbarrow
19:40 Scale Mail Armor
20:24 Squires
20:42 Loom
20:43 Town Watch
21:23 Stone Mining
22:53 Chain Mail Armor
22:51 Arson
24:29 Forging
26:45 Hand Cart
31:38 Imperial Age
29:45 Yasama
30:23 Iron Casting
29:53 Stone Mining
30:40 Gold Shaft Mining
29:57 Gambesons
31:22 Town Patrol
31:14 Fletching
32:42 Conscription
32:54 Plate Mail Armor
31:47 Pikeman
33:55 Two-Man Saw
34:53 Blast Furnace
34:13 Halberdier
34:35 Elite Skirmisher
35:12 Bodkin Arrow
36:46 Ballistics
37:27 Chemistry
36:56 Padded Archer Armor
36:56 Bracer
37:58 Elite Samurai
39:51 Kataparuto
39:57 Kataparuto
42:10 Leather Archer Armor
45:42 Ring Archer Armor
45:16 Caravan
45:47 Coinage
49:03 Banking
FOX
7:09 Feudal Age
11:34 Castle Age
9:48 Double-Bit Axe
10:46 Horse Collar
12:30 Scale Mail Armor
12:41 Forging
12:52 Bow Saw
16:30 Chain Mail Armor
16:49 Squires
18:46 Wheelbarrow
19:13 Gold Mining
21:07 Iron Casting
22:35 Arson
23:59 Gold Shaft Mining
30:56 Imperial Age
28:12 Loom
30:24 Hand Cart
31:30 Onager
32:38 Conscription
34:18 Elite Ghulam
36:25 Chemistry
35:51 Stone Mining
36:40 Grand Trunk Road
37:22 Stone Shaft Mining
36:51 Heavy Plow
37:53 Two-Man Saw
39:25 Town Watch
41:26 Blast Furnace
40:32 Scale Barding Armor
40:18 Fletching
40:45 Bloodlines
40:36 Husbandry
39:59 Light Cavalry
42:37 Coinage
41:51 Hussar
43:52 Chain Barding Armor
| ArCas | Cristiano Onagro
8:02 Feudal Age
8:11 Feudal Age
10:57 Loom
13:26 Castle Age
11:15 Double-Bit Axe
11:14 Horse Collar
15:47 Wheelbarrow
15:36 Bow Saw
15:49 Town Watch
16:59 Heavy Plow
18:22 Hand Cart
25:03 Wagenburg Tactics
25:02 Padded Archer Armor
27:11 Chemistry
29:51 Imperial Age
30:05 Leather Archer Armor
29:42 Fletching
31:10 Siege Engineers
31:17 Masonry
30:57 Light Cavalry
31:37 Husbandry
32:35 Ring Archer Armor
32:12 Scale Barding Armor
32:18 Forging
33:20 Two-Man Saw
33:57 Conscription
34:16 Guilds
33:34 Elite Skirmisher
34:32 Town Patrol
35:07 Ballistics
34:17 Pikeman
34:58 Squires
35:26 Elite Hussite Wagon
36:50 Sanctity
36:44 Fervor
36:07 Houfnice
38:07 Scale Mail Armor
38:06 Bodkin Arrow
43:20 Redemption
48:34 Halberdier
49:27 Bracer
54:08 Caravan
KootH.
7:10 Feudal Age
10:57 Castle Age
9:57 Double-Bit Axe
10:49 Horse Collar
11:53 Bow Saw
27:18 Wheelbarrow
26:29 Loom
28:48 Scale Mail Armor
28:59 Forging
34:16 Imperial Age
32:44 Hand Cart
34:16 Town Watch
34:36 Gold Mining
34:37 Stone Mining
35:25 Iron Casting
34:33 Capped Ram
35:54 Conscription
35:51 Man-at-Arms
36:59 Husbandry
36:36 Long Swordsman
37:37 Heavy Plow
38:12 Bloodlines
38:26 Cavalier
39:32 Farimba
39:39 Scale Barding Armor
40:22 Caravan
40:52 Coinage
40:56 Chain Barding Armor
44:06 Plate Barding Armor
44:28 Heavy Camel Rider
45:07 Light Cavalry
47:05 Chemistry
48:59 Two-Handed Swordsman
50:18 Chain Mail Armor
50:08 Onager
52:44 Plate Mail Armor
51:50 Champion
54:51 Squires
56:24 Crop Rotation
58:10 Hoardings
57:44 Town Patrol
WalterWhite
7:06 Feudal Age
11:34 Castle Age
11:07 Double-Bit Axe
13:57 Bow Saw
14:17 Horse Collar
15:14 Heavy Plow
15:08 Gold Mining
16:36 Town Watch
16:37 Loom
21:33 Gold Shaft Mining
21:41 Wheelbarrow
22:06 Scale Mail Armor
36:51 Champi Runner
41:52 Champi Warrior
42:33 Squires
44:00 Chain Mail Armor
43:55 Forging
45:01 Fletching
46:31 Iron Casting
50:55 Imperial Age
51:35 Imperial Age
50:38 Caravan
轻绘梨花泪满衣
6:35 Feudal Age
11:50 Castle Age
10:11 Double-Bit Axe
11:11 Horse Collar
23:43 Wheelbarrow
24:05 Padded Archer Armor
25:53 Chemistry
25:51 Leather Archer Armor
28:43 Imperial Age
27:21 Hand Cart
26:53 Town Watch
26:53 Loom
26:51 Pikeman
27:31 Squires
27:17 Arson
28:23 Forging
28:13 Scale Mail Armor
28:47 Halberdier
29:57 Conscription
30:20 Ring Archer Armor
30:32 Houfnice
32:40 Hussite Reforms
32:43 Wagenburg Tactics
33:11 Hussite Reforms
34:29 Chain Mail Armor
34:36 Ballistics
34:56 Bombard Tower
35:26 Bombard Tower
35:20 Elite Hussite Wagon
36:36 Town Patrol
37:16 Bow Saw
37:32 Treadmill Crane
39:08 Fletching
43:21 Caravan
43:52 Coinage
45:29 Plate Mail Armor
45:34 Iron Casting
50:11 Redemption
50:02 Atonement
50:25 Sanctity
50:09 Devotion
50:26 Block Printing
52:22 Two-Man Saw
54:14 Illumination
都挺好
7:33 Feudal Age
11:43 Castle Age
9:56 Double-Bit Axe
10:13 Horse Collar
13:30 Bow Saw
13:22 Heavy Plow
15:44 Loom
22:26 Wheelbarrow
28:02 Hand Cart
28:25 Town Watch
34:02 Imperial Age
31:37 Gold Mining
32:59 Bloodlines
32:49 Husbandry
32:49 Stone Mining
34:26 Scale Barding Armor
34:32 Forging
35:45 Chain Barding Armor
35:30 Squires
34:51 Pikeman
35:16 Arson
36:53 Two-Man Saw
36:26 Crop Rotation
36:35 Caravan
36:51 Elite Battle Elephant
39:05 Halberdier
40:23 Iron Casting
39:49 Scale Mail Armor
41:08 Plate Barding Armor
40:23 Fletching
40:34 Padded Archer Armor
41:17 Paper Money
41:34 Hoardings
42:31 Chain Mail Armor
42:27 Light Cavalry
43:55 Stone Shaft Mining
44:26 Bodkin Arrow
44:44 Chatras
45:03 Leather Archer Armor
45:48 Plate Mail Armor
47:52 Ring Archer Armor
47:23 Bracer
47:40 Guilds
48:01 Coinage
53:00 Elite Skirmisher
53:45 Thumb Ring
54:08 Imperial Skirmisher
57:09 Chemistry
56:30 Ballistics
55:51 Treadmill Crane
56:17 Siege Engineers
56:07 Murder Holes
56:24 Fortified Wall
57:12 Guard Tower
57:07 Arrowslits
野象
8:02 Feudal Age
12:02 Castle Age
10:19 Double-Bit Axe
10:28 Horse Collar
13:01 Heavy Plow
13:32 Bow Saw
13:30 Loom
17:05 Gold Mining
19:02 Scale Mail Armor
20:16 Forging
25:00 Imperial Age
23:51 Gold Shaft Mining
25:09 Heavy Scorpion
28:15 Furor Celtica
28:27 Conscription
33:11 Siege Engineers
34:30 Capped Ram
35:49 Ballistics
36:29 Chemistry
39:06 Siege Ram
42:20 Pikeman
46:39 Halberdier
51:08 Conscription
Connection lost

Rejoining the realm…

Still unreachable

The connection could not be restored.

Session expired

The server has moved on; the page needs a fresh start.